Map: Glittering Ashes LE

Players

TurnipThBace

  • Race: Protoss Protoss
  • League: Diamond

MAPACHE - Winner!

  • Race: Terran Terran
  • League: Diamond

VOD

Have the link to the VOD?

Description

Time

  • Played on: Jan. 19, 2022, 12:39 p.m.
  • Length: 19:16
Show
View Real Time Build Order
Export as new Build Order

TurnipThBace Protoss 

Build Orders: 1 Gate Expand, Dark Templar Rush 

Get SALT Encoding   

  12  0:12  Pylon  
  12  0:13  Probe  
  13  0:25  Probe  
  14  0:31  Gateway  
  14  0:37  Probe  
  14  0:41  Assimilator  
  15  0:49  Probe  
  16  1:01  Probe (Chrono Boost)  
  17  1:13  Probe (Chrono Boost)  
  17  1:18  Cybernetics Core  
  18  1:22  Probe (Chrono Boost)  
  19  1:37  Nexus  
  19  1:45  Pylon  
  19  1:46  Probe  
  20  1:51  Adept (Chrono Boost)  
  22  2:05  Assimilator  
  22  2:07  Warp Gate  
  22  2:08  Probe  
  23  2:15  Adept (Chrono Boost)  
  23  2:20  Probe  
  26  2:32  Probe  
  26  2:36  Twilight Council  
  27  2:37  Adept  
  29  2:44  Probe  
  29  2:49  Probe  
  31  2:56  Probe  
  32  3:01  Robotics Facility, Probe  
  33  3:08  Probe  
  34  3:13  Probe  
  34  3:16  Dark Shrine  
  35  3:21  Probe  
  35  3:26  Probe  
  37  3:30  Gateway  
  37  3:33  Probe  
  38  3:38  Probe  
  39  3:45  Probe  
  38  3:50  Probe  
  38  3:51  Warp Prism (Chrono Boost)  
  41  3:57  Probe  
  41  3:58  Gateway  
  41  4:02  Probe  
  43  4:09  Probe  
  44  4:10  Pylon  
  44  4:12  Pylon  
  44  4:14  Probe  
  44  4:15  Assimilator  
  44  4:16  Assimilator  
  45  4:21  Probe  
  46  4:26  Probe  
  46  4:28  Shield Battery  
  46  4:29  Shield Battery  
  45  4:32  Dark Templar  
  45  4:36  Dark Templar  
  49  4:51  Gateway  
  49  4:53  Dark Templar  
  51  5:06  Dark Templar  
  53  5:14  Probe x2  
  55  5:17  Blink (Chrono Boost)  
  55  5:26  Probe x2  
  55  5:28  Dark Templar  
  55  5:44  Dark Templar x2  
  55  5:59  Probe x2  
  51  6:11  Nexus, Probe x2  
  53  6:12  Pylon  
  53  6:16  Pylon x2  
  53  6:20  Pylon, Gateway  
  53  6:23  Probe x2  
  53  6:24  Stalker, Gateway  
  53  6:25  Stalker x2  
  61  6:31  Stalker  
  63  6:35  Probe  
  63  6:36  Probe  
  63  6:38  Observer (Chrono Boost)  
  66  6:43  Robotics Bay  
  66  6:47  Probe, Assimilator  
  66  6:48  Probe  
  66  6:49  Shield Battery  
  66  6:51  Stalker x3, Observer (Chrono Boost), Assimilator  
  66  6:53  Shield Battery  
  75  6:59  Probe  
  76  7:09  Probe  
  76  7:10  Observer  
  76  7:11  Probe  
  79  7:22  Probe  
  74  7:23  Probe x2  
  76  7:32  Colossus  
  76  7:34  Probe  
  76  7:35  Probe x2  
  79  7:37  Stalker x6  
  97  7:46  Probe  
  97  7:47  Probe  
  99  7:53  Extended Thermal Lance (Chrono Boost)  
  99  8:01  Stalker x5  
  109  8:07  Pylon  
  109  8:08  Pylon  
  109  8:09  Pylon  
  109  8:11  Pylon  
  109  8:25  Probe x3  
  109  8:26  Nexus  
  112  8:27  Stalker x3  
  118  8:38  Probe  
  119  8:45  Stalker x2  
  119  8:46  Stalker  
  115  9:03  Observer  
  111  9:13  Stalker x4  
  111  9:14  Stalker x2  
  105  9:23  Colossus (Chrono Boost)  
  107  9:40  Stalker x6  
  119  9:47  Gateway  
  119  9:50  Gateway  
  119  9:52  Gateway  
  119  9:54  Gateway  
  119  10:12  Colossus  
  118  10:18  Robotics Facility  
  118  10:21  Probe x4  
  121  10:26  Assimilator  
  122  10:29  Charge  
  122  10:30  Assimilator  
  122  10:32  Pylon  
  122  10:33  Probe x4, Templar Archives  
  126  10:36  Pylon  
  126  10:37  Observer  
  126  10:39  Forge  
  126  10:40  Pylon, Forge  
  126  10:44  Stalker x7  
  126  10:45  Stalker  
  142  11:04  Stalker  
  142  11:05  Stalker  
  146  11:16  Probe x4  
  146  11:17  Warp Prism  
  150  11:20  Observer  
  150  11:23  Zealot x3  
  150  11:24  Zealot x5  
  166  11:26  Psionic Storm  
  166  11:28  Probe x3  
  169  11:46  Nexus  
  169  11:49  Pylon  
  169  11:50  Zealot x5  
  169  11:51  Pylon  
  179  11:55  Shield Battery, Pylon  
  179  11:59  Shield Battery  
  179  12:07  Pylon  
  148  12:17  Observer x2  
  146  12:29  Photon Cannon  
  146  12:32  Shield Battery  
  146  12:34  Photon Cannon  
  140  12:37  Photon Cannon  
  140  12:39  Observer x2  
  140  12:41  Photon Cannon  
  140  12:44  Photon Cannon  
  140  12:47  Photon Cannon  
  140  12:49  Shield Battery  
  140  12:51  Stalker x5  
  132  12:52  Stalker x4  
  132  12:54  Shield Battery  
  148  13:00  Observer  
  129  13:21  Colossus  
  125  13:28  Colossus  
  125  13:30  High Templar x6  
  125  13:31  High Templar x4  
  157  13:37  Archon x2  
  157  13:40  Protoss Ground Armor Level 1 (Chrono Boost), Protoss Ground Weapons Level 1 (Chrono Boost)  
  157  13:46  Photon Cannon  
  157  13:52  Assimilator  
  157  13:54  Assimilator  
  151  13:57  Gravitic Boosters (Chrono Boost)  
  147  14:11  Colossus  
  147  14:13  High Templar x2  
  147  14:14  High Templar x3  
  147  14:16  High Templar x2  
  167  14:18  Archon  
  167  14:19  Archon x2  
  167  14:21  Colossus, Zealot x3  
  179  14:27  Archon  
  179  14:29  Gateway  
  179  14:30  Gateway  
  179  14:32  Gateway  
  179  14:36  Gateway  
  179  14:37  Gateway  
  179  14:40  Gateway  
  179  15:05  Warp Prism  
  181  15:14  Shield Battery  
  181  15:17  Shield Battery  
  181  15:20  Photon Cannon  
  181  15:23  Photon Cannon  
  181  15:28  Zealot  
  181  15:29  Zealot x5  
  181  15:30  Zealot x3  
  199  15:56  Nexus  
  199  15:57  Pylon  
  199  16:00  Pylon  
  195  16:04  Pylon  
  127  16:49  Zealot x6  
  127  16:50  Zealot x4  
  135  17:00  Probe x4  
  135  17:01  Probe  
  118  17:04  High Templar x2  
  118  17:05  High Templar x4  
  118  17:08  Colossus x2  
  120  17:11  High Templar x6  
  120  17:12  Probe x2, High Templar x4  
  120  17:15  Archon x3  
  140  17:16  Archon  
  140  17:17  Archon  
  140  17:26  Assimilator  
  140  17:29  Assimilator  
  140  17:33  Photon Cannon x2  
  140  17:36  Photon Cannon  
  140  17:37  Shield Battery  
  140  17:41  Shield Battery  
  140  17:42  Stargate  
  140  17:45  Stargate  
  140  17:46  Stargate, Zealot x5  
  140  17:47  Zealot x7  
  140  17:48  Zealot x3  
  170  17:51  Stargate  
  170  17:55  Stargate  
  109  18:08  Dark Templar x7  
  109  18:09  Dark Templar x4  
  127  18:16  Zealot x2  
  103  18:39  Zealot x2  
  103  18:40  Zealot x3  
  103  18:41  Zealot x5  
Show
View Real Time Build Order
Export as new Build Order

MAPACHE Terran - Winner!

Build Orders:  

Get SALT Encoding   

  12  0:00  SCV  
  13  0:12  SCV  
  14  0:17  Supply Depot  
  14  0:24  SCV  
  15  0:38  SCV  
  15  0:39  Barracks  
  16  0:43  Refinery  
  16  0:50  SCV  
  17  1:03  SCV  
  18  1:15  SCV  
  19  1:27  Orbital Command, Barracks Reactor  
  19  1:46  Command Center  
  19  1:53  SCV  
  20  2:05  SCV, Marine x2  
  23  2:10  Barracks  
  23  2:18  Supply Depot  
  23  2:31  Barracks  
  23  2:35  Barracks Tech Lab  
  23  2:40  SCV  
  24  2:52  SCV  
  24  2:55  Stimpack, Marine  
  24  2:57  Barracks Tech Lab  
  26  2:59  Orbital Command  
  26  3:04  SCV  
  27  3:15  Marine  
  27  3:16  SCV, Marine  
  27  3:17  Supply Depot  
  27  3:19  Marine x2  
  32  3:26  SCV, Supply Depot  
  33  3:28  SCV  
  33  3:33  Marine x2  
  36  3:37  Marine x2  
  36  3:38  SCV  
  36  3:40  SCV  
  38  3:51  Marine x2  
  38  3:52  SCV, Supply Depot  
  38  3:54  Marine, Combat Shield  
  38  3:55  Marine  
  43  3:56  SCV  
  44  4:04  SCV  
  44  4:08  SCV  
  44  4:09  Marine x2  
  48  4:12  Marine x2  
  48  4:16  SCV  
  51  4:20  SCV, Refinery  
  51  4:22  Factory  
  52  4:27  Marine x2  
  52  4:28  SCV  
  52  4:30  Marine  
  56  4:32  SCV  
  56  4:37  Command Center  
  57  4:40  SCV  
  57  4:44  SCV, Refinery  
  59  4:46  Engineering Bay  
  59  4:48  Marauder  
  61  4:52  SCV  
  61  4:54  Marine x2  
  61  4:56  Marauder  
  61  5:09  Marine  
  60  5:17  Missile Turret  
  60  5:18  Missile Turret, Engineering Bay  
  55  5:28  Missile Turret  
  54  5:29  Missile Turret  
  53  5:39  Marine  
  50  5:45  Marine  
  50  5:46  Marauder  
  51  5:51  SCV, Refinery  
  51  5:56  Marine  
  49  5:58  Missile Turret, Widow Mine  
  50  6:05  SCV  
  50  6:07  Marauder, Starport  
  50  6:08  Orbital Command  
  50  6:09  SCV  
  54  6:11  Marine  
  54  6:16  Marine  
  56  6:20  Bunker  
  56  6:26  Missile Turret  
  56  6:27  SCV  
  56  6:30  Factory Reactor  
  56  6:31  Marine  
  58  6:36  Marine x2  
  60  6:41  Missile Turret  
  60  6:42  SCV  
  60  6:45  Marine  
  62  6:53  Concussive Shells, SCV  
  62  6:54  SCV  
  64  7:03  SCV  
  64  7:05  Barracks x2  
  64  7:08  Barracks Reactor  
  64  7:22  SCV, Marine x2  
  65  7:23  Medivac x2  
  65  7:24  Widow Mine x2  
  65  7:29  Armory, Engineering Bay, Terran Infantry Weapons Level 1  
  75  7:32  SCV  
  76  7:42  Supply Depot  
  76  7:44  Supply Depot x2  
  76  7:45  Marauder  
  76  7:46  Marine x2  
  76  7:49  Widow Mine  
  76  7:51  Widow Mine, Supply Depot  
  84  7:55  Barracks Reactor  
  84  8:01  Terran Infantry Armor Level 1  
  84  8:05  Marine  
  84  8:06  Marauder, Marine  
  84  8:07  Medivac  
  84  8:11  Widow Mine  
  84  8:12  Widow Mine  
  94  8:13  Barracks Tech Lab  
  94  8:19  Marauder, Medivac  
  98  8:23  Marine  
  98  8:25  Orbital Command  
  99  8:28  Marauder  
  101  8:36  Supply Depot  
  101  8:37  SCV x2, Supply Depot  
  101  8:39  Marine  
  101  8:40  Marauder x2, Marine  
  101  8:41  Widow Mine x2  
  112  8:43  Medivac  
  93  9:10  Marine x2  
  93  9:11  Marauder  
  93  9:12  Marine  
  89  9:18  Marine  
  89  9:22  Marauder, Marine  
  89  9:23  Widow Mine x2, SCV x2  
  93  9:28  Marine  
  92  9:32  Marauder  
  94  9:39  Marine x2  
  94  9:40  Marauder, Liberator x2  
  104  9:48  SCV  
  104  9:49  SCV  
  101  10:00  Orbital Command, Marine  
  99  10:10  Marine  
  99  10:11  Marauder x2, Marine  
  99  10:12  Marauder, Widow Mine x2  
  107  10:19  Marine x2  
  109  10:22  SCV  
  109  10:23  Liberator x2, SCV  
  109  10:27  SCV  
  118  10:28  Marine  
  118  10:33  Marauder x3  
  118  10:34  Bunker  
  118  10:35  SCV x2  
  127  10:39  SCV  
  127  10:40  Marine x2  
  127  10:41  Widow Mine  
  132  10:44  Missile Turret, Refinery  
  132  10:47  SCV  
  133  10:56  Supply Depot  
  133  10:59  Supply Depot x2  
  133  11:01  Refinery  
  133  11:03  Engineering Bay  
  133  11:04  Terran Infantry Weapons Level 2  
  133  11:16  Supply Depot  
  133  11:17  Marine, Medivac  
  133  11:18  Marauder, Widow Mine, SCV  
  141  11:20  SCV  
  141  11:21  Marauder x2, SCV, Supply Depot  
  147  11:26  Marine  
  147  11:27  Marine x2  
  147  11:28  Ghost Academy  
  147  11:29  Widow Mine  
  152  11:39  Marauder, Widow Mine  
  156  11:41  Command Center  
  156  11:42  Marauder x2  
  156  11:43  SCV  
  156  11:45  Missile Turret  
  161  11:47  Marine  
  161  11:48  Marine x2  
  161  11:54  Fusion Core  
  164  12:01  Marauder  
  166  12:04  Marauder  
  130  12:23  Marauder, Viking, Marine x2  
  130  12:24  Marauder, Viking  
  136  12:37  Marine  
  136  12:38  Marauder  
  139  12:44  Ghost x2  
  139  12:50  Marine  
  128  12:51  Marine  
  128  12:53  Liberator x2  
  133  12:58  Ghost  
  132  13:06  Marine  
  129  13:13  Marauder  
  124  13:21  SCV x2  
  124  13:22  Marine  
  124  13:23  Marauder, Widow Mine  
  124  13:24  Widow Mine  
  124  13:26  Marine  
  134  13:27  Supply Depot  
  134  13:29  Marauder, Marine x2  
  138  13:36  Marauder, Viking x2  
  138  13:40  Marine  
  145  13:42  SCV x2  
  147  14:01  SCV  
  148  14:04  Marauder  
  148  14:05  Marauder x2, Marine  
  148  14:09  Marine, Supply Depot  
  155  14:11  Sensor Tower  
  155  14:12  Missile Turret  
  155  14:16  Refinery  
  156  14:17  Planetary Fortress  
  156  14:18  Refinery  
  156  14:25  SCV x3  
  156  14:28  Terran Infantry Armor Level 2, Terran Infantry Weapons Level 3  
  156  14:30  Terran Ship Weapons Level 1  
  159  14:33  Advanced Ballistics  
  159  14:39  SCV x2  
  157  14:46  Supply Depot x2  
  157  14:47  Marauder, Marine x3  
  162  14:53  Marauder x2  
  162  14:54  SCV  
  162  14:59  SCV x3  
  168  15:01  Marine  
  168  15:06  Barracks x2  
  168  15:07  Liberator, Barracks  
  169  15:08  Marauder  
  169  15:13  Starport  
  174  15:14  Starport  
  174  15:24  Marauder, Supply Depot, Marine x3  
  174  15:26  Widow Mine x2  
  183  15:29  Liberator  
  183  15:33  Marauder, Marine x2  
  190  15:42  Marine  
  191  15:45  Command Center, Ghost  
  192  15:51  Ghost  
  192  15:54  Ghost  
  196  15:58  Liberator  
  196  15:59  Barracks Reactor  
  190  16:13  Marine  
  190  16:14  SCV, Ghost  
  185  16:18  SCV x2  
  185  16:20  Marauder  
  185  16:21  SCV  
  185  16:24  Bunker  
  147  16:51  Marauder x3  
  147  16:52  Marine  
  147  17:03  Marine  
  147  17:08  SCV  
  143  17:12  Marauder x2, Marine  
  143  17:13  Marauder  
  150  17:16  Marine x4  
  150  17:17  Barracks Reactor, Barracks Tech Lab  
  150  17:19  Liberator x2, Medivac x2  
  164  17:23  SCV x2  
  164  17:24  SCV  
  164  17:26  Marine  
  164  17:27  Widow Mine x2  
  172  17:33  Marine  
  172  17:34  Marauder x3  
  179  17:49  Medivac x2  
  180  17:53  Barracks Reactor  
  180  17:55  Marauder x3  
  177  17:59  Marine  
  177  18:00  Marauder  
  163  18:07  Marine  
  163  18:10  Marine  
  165  18:12  Marine  
  165  18:16  Marauder  
  165  18:17  Marauder x2  
  165  18:18  Marine  
  172  18:21  Marauder  
  155  18:32  Marine  
  156  18:34  Marine  
  156  18:38  Marauder x3  
  156  18:40  Marine  
  164  18:44  Marauder, Marine x2  
  164  18:45  Medivac x2  
  172  18:49  Starport Reactor  
Tags
 
Add a new tag
Caveats
  • Supply blocks, unpowered buildings, or Contaminate may cause inaccurate times.
  • Supply counts are checked every 10 seconds.